 Dungeon Crawl Stone Soup version 0.28-a0-1389-gc726bef33b (webtiles) character file.

Game seed: 3576751567828686463

21 Deminshera the Firebug (level 2, 20/24 HPs)
             Began as an Ogre Fire Elementalist on Jan 3, 2022.
             Quit the game on level 1 of the Dungeon.
             The game lasted 00:01:57 (988 turns).

Deminshera the Firebug (Ogre Fire Elementalist)      Turns: 988, Time: 00:01:57

Health: 20/24      AC:  3    Str: 11    XL:     2   Next: 87%
Magic:  3/5        EV:  9    Int: 16    God:
Gold:   23         SH:  0    Dex:  9    Spells: 5/6 levels left

rFire   . . .      SeeInvis .   c - +0 short sword
rCold   . . .      Faith    .   (no shield)
rNeg    . . .      Spirit   .   a - +0 robe
rPois   .          Reflect  .   (helmet restricted)
rElec   .          Harm     .   (no cloak)
rCorr   .          Rampage  .   (gloves unavailable)
Will    .....                   (boots unavailable)
Stlth   +.........              (no amulet)
HPRegen 0.08/turn               (no ring)
MPRegen 0.09/turn               (no ring)

@: no status effects
A: large, unfitting armour, tough skin 1
a: no special abilities


You were on level 1 of the Dungeon.
You visited 1 branch of the dungeon, and saw 1 of its levels.

You collected 23 gold pieces.

Inventory:

Hand Weapons
 c - a +0 short sword (weapon)
Armour
 a - a +0 robe (worn)
Scrolls
 b - a scroll of amnesia {unknown}
 d - a scroll of noise {unknown}
 e - a scroll of summoning {unknown}
 f - a scroll of enchant weapon {unknown}
 h - a scroll of identify {unknown}
 i - a scroll of magic mapping {unknown}
Potions
 g - a potion of degeneration {unknown}


   Skills:
 - Level 1.8 Dodging
 - Level 1.4 Stealth
 + Level 2.9 Spellcasting
 + Level 1.4 Conjurations
 + Level 3.0 Fire Magic


You had 5 spell levels left.
You knew the following spells:

 Your Spells              Type           Power      Damage    Failure   Level
a - Foxfire               Conj/Fire      36%        2x1d5     8%          1

Your spell library contained the following spells:

 Spells                   Type           Power      Damage    Failure   Level
 Scorch                   Fire           24%        2d6       9%          2
 Conjure Flame            Conj/Fire      9%         6-21      22%         3
 Inner Flame              Hex/Fire       7%         N/A       30%         3
 Flame Wave               Conj/Fire      9%         2d4       58%         4


Dungeon Overview and Level Annotations

Branches:
Dungeon (1/15)

Altars:

Shops:
D:1 =


Innate Abilities, Weirdness & Mutations

You are too large for most types of armour.
You have tough skin. (AC +1)


Message History

The foxfire hits the dart slug.
You kill the dart slug!
Your Fire Magic skill increases to level 3!
Your foxfire dissipates!
i - a scroll labelled LOUCEMIUSTU A frilled lizard comes into view.
The frilled lizard hisses angrily.
A frilled lizard is nearby!
A frilled lizard is nearby!
You conjure some foxfire!
The foxfire hits the frilled lizard.
The frilled lizard is heavily wounded.
The foxfire hits the frilled lizard.
You kill the frilled lizard!
A ball python comes into view.
The ball python hisses angrily.
A frilled lizard comes into view.
There are monsters nearby!
Okay, then.
A bat comes into view.
You conjure some foxfire!
The foxfire hits the bat.
The bat is moderately wounded.
The ball python bites you.
The ball python bites you but does no damage.
Your foxfire dissipates!
The bat barely misses you. The bat barely misses you. The bat hits you.
The ball python bites you.
You conjure some foxfire!
The foxfire hits the bat.
You kill the bat!
The ball python barely misses you.
The foxfire hits the ball python.
You kill the ball python!
You conjure some foxfire!
The frilled lizard hisses.
The foxfire hits the frilled lizard.
You kill the frilled lizard!
Your foxfire dissipates!
Okay, then.
Are you sure you want to abandon this character and quit the game? (Confirm with "yes".)

.# #...# .### #...# #####.#..
#...# #.....#.. #...# #.#####..
#...# #.#...... #### #...#
#.#.#.....#
###...#######...#######.#.#......
.........†......@.......#.#......
.#....#..†....§...........#......
......#...####...#........#......
......#...................#.#....
......#.#.....#..................
......#.#.....#.............#....
......#.#.....#...............≈≈≈
......#.#######..........##..≈≈..
#.# .###...........≈≈..♣


There were no monsters in sight!

Vanquished Creatures
  2 dart slugs (D:1)
  A giant cockroach (D:1)
  A goblin (D:1)
  2 hobgoblins (D:1)
  3 kobolds (D:1)
  2 ball pythons (D:1)
  2 bats (D:1)
  3 frilled lizards (D:1)
  3 rats (D:1)
19 creatures vanquished.

Vanquished Creatures (others)
  35 foxfires (D:1)
35 creatures vanquished.

Grand Total: 54 creatures vanquished

Notes
Turn   | Place    | Note
-------+----------+-------------------------------------------
     0 | D:1      | Deminshera the Ogre Fire Elementalist began the quest for
                  | the Orb.
     0 | D:1      | Reached XP level 1. HP: 16/16 MP: 3/3
    21 | D:1      | Found Mitaasic's Jewellery Boutique.
    24 | D:1      | Reached skill level 1 in Conjurations
   434 | D:1      | Reached XP level 2. HP: 24/24 MP: 1/5
   924 | D:1      | Reached skill level 3 in Fire Magic
   988 | D:1      | Quit the game

Illustrated notes

Levels and vault maps discovered:
D:1:      moated_graveyard_arrival, layout_basic, serial_shops,
          nicolae_shop_statue_plus, serial_co_window_serial, co_window_corner_a,
          co_window_paths_b, co_window_paths_a, co_window_paths_b,
          co_window_corner_a, co_window_paths_c, co_window_corner_b,
          co_window_unsneaky_path_d, co_window_unsneaky_path_a,
          co_window_cross_3, co_window_paths_e, co_window_4corner_a,
          dilly_ecumenical_altar_fadedgnrine, hangedman_decor_peaks_small

Skill      XL: |  1  2 |
---------------+-------+-----
Conjurations   | 1 |  1.4
Fire Magic     | 3 |  3.0
Dodging        | |  1.8
Stealth        | |  1.4
Spellcasting   | |  2.9

Action                   || total
-------------------------++-------
Melee: Unarmed           ||    12
 Cast: Foxfire           ||    26
Armor: Robe              ||     5
Dodge: Dodged            ||    10

Table legend: (Time is in decaauts)
 A = Elapsed time spent in this place.
 B = Non-inter-level travel time spent in this place.
 C = Inter-level travel time spent in this place.
 D = Time resting spent in this place.
 E = Time spent auto-exploring this place.
 F = Levels seen in this place.
 G = Mean time per level.
                   A        B        C        D        E       F      G
               +--------+--------+--------+--------+--------+-----+--------+
         Total |    987 |    987 |      0 |    314 |    539 |   1 |  987.0 |
       Dungeon |    987 |    987 |      0 |    314 |    539 |   1 |  987.0 |
               +--------+--------+--------+--------+--------+-----+--------+

Top non-repeatable levels by time:
     D:1: 987 daAuts
